[Event "Team 45 45 League T42"]
[Site "Internet Chess Club"]
[Date "2009.09.28"]
[Round "9"]
[White "TerryMalloy"]
[Black "cityprosecutor"]
[Result "1-0"]
[WhiteElo "2041"]
[BlackElo "1756"]
[Opening "Pirc: Byrne variation"]
[ECO "B07"]
[Time "18:08:16"]
[TimeControl "2700+45"]

1. e4 d6 2. d4 Nf6 3. Nc3 g6 4. Bg5 Bg7 5. Nf3 c6 6. a4 O-O 7. Bc4 Nbd7 8. e5
dxe5 9. dxe5 Ng4 10. e6 fxe6 11. Bxe6+ Kh8 12. Bxg4 {Black resigns} 1-0

[Event "Team 45 45 League T42"]
[Site "Internet Chess Club"]
[Date "2009.09.24"]
[Round "9"]
[White "chess9793"]
[Black "hondocando"]
[Result "0-1"]
[WhiteElo "1840"]
[BlackElo "1759"]
[Opening "Scandinavian: Marshall variation"]
[ECO "B01"]
[Time "22:09:59"]
[TimeControl "2700+45"]

1. e4 d5 2. exd5 Nf6 3. d4 Nxd5 4. Nf3 Bf5 5. c4 Nb4 6. Na3 e6 7. Be2 Bd6 8. O-O
O-O 9. Be3 a6 10. Qd2 N8c6 11. Rfd1 Re8 12. b3 b6 13. Rac1 e5 14. d5 e4 15. Ne1
Ne5 16. Nac2 Nxc2 17. Nxc2 Qh4 18. h3 h6 19. Nd4 Bxh3 20. gxh3 Qxh3 21. Bf4 Nf3+
22. Nxf3 exf3 23. Bf1 Qg4+ 24. Bg3 Bxg3 25. fxg3 Qxg3+ 26. Kh1 Re4 27. Qh2 Rh4
28. Rd2 Rxh2+ 29. Rxh2 f2 30. Rh3 Qg1# {White checkmated} 0-1

[Event "Team 45 45 League T42"]
[Site "Internet Chess Club"]
[Date "2009.09.26"]
[Round "9"]
[White "crag"]
[Black "chess9397"]
[Result "1-0"]
[WhiteElo "1885"]
[BlackElo "1877"]
[Opening "Sicilian defense"]
[ECO "B34"]
[Time "13:00:29"]
[TimeControl "2700+45"]

1. e4 c5 2. Nf3 Nc6 3. d4 cxd4 4. Nxd4 g6 5. Be2 Bg7 6. Be3 Nf6 7. Nc3 O-O 8.
O-O d5 9. exd5 Nxd5 10. Nxd5 Qxd5 11. Bf3 Qc4 12. Nxc6 bxc6 13. c3 Rb8 14. Qd2
a5 15. Rfd1 a4 16. Be2 Qd5 17. Qc2 Qa5 18. Bc4 a3 19. b4 Qe5 20. Bd4 Qc7 21. Qc1
Bxd4 22. Rxd4 c5 23. Rh4 Qe5 24. bxc5 Bf5 25. Qh6 Qg7 26. Qe3 Qf6 27. Rd4 Rb2
28. Re1 Bb1 29. Re2 Rfb8 30. Rdd2 Qh4 31. Bb3 R8xb3 32. axb3 a2 33. Rd8+ Kg7 34.
Ra8 Rxe2 35. Qxe2 Qg5 36. Qe3 Qh5 37. f3 Qf5 38. c6 Qc2 39. c7 Qd1+ 40. Kf2 Bf5
41. Qd4+ Qxd4+ 42. cxd4 Kf6 43. Rxa2 Bd7 44. Ra8 Ke6 45. c8=Q Bxc8 46. Rxc8 Kd5
47. b4 Kxd4 48. b5 Kd5 49. b6 Kd6 50. b7 Kd7 51. b8=Q e6 52. Qb7+ Kd6 53. Rc6+
Ke5 54. Qb5+ Kf6 55. Rc7 h5 56. Qd7 h4 57. Qxf7+ Kg5 58. Qxe6 Kh6 59. Rc6 Kg7
60. Qf6+ Kh7 61. Qxg6+ Kh8 62. Rc8# {Black checkmated} 1-0

[Event "Team 45 45 League T42"]
[Site "Internet Chess Club"]
[Date "2009.09.28"]
[Round "9"]
[White "TIP"]
[Black "chess2k7"]
[Result "0-1"]
[WhiteElo "1681"]
[BlackElo "1762"]
[Opening "Sicilian"]
[ECO "B50"]
[Time "09:01:52"]
[TimeControl "2700+45"]

1. e4 c5 2. Nf3 d6 3. Nc3 Nf6 4. b3 Bg4 5. Bb2 Nc6 6. Bb5 e5 7. h3 Bd7 8. Bxc6
Bxc6 9. d3 Be7 10. O-O O-O 11. a4 a6 12. Qe2 b5 13. axb5 axb5 14. Nd2 Qc7 15. f4
Rxa1 16. Bxa1 exf4 17. Rxf4 Ra8 18. Bb2 d5 19. Rf1 d4 20. Nd1 Bd6 21. c3 Be5 22.
cxd4 Bxd4+ 23. Bxd4 cxd4 24. Nf3 Nh5 25. Qb2 Nf4 26. Nxd4 Nxd3 27. Qc3 Qa7 28.
Kh1 Bxe4 29. Nxb5 Qd7 30. Kh2 Qxb5 31. Nf2 Nxf2 32. Rxf2 Qb8+ 33. Qg3 Qxg3+ 34.
Kxg3 Rb8 35. Rb2 Rb4 36. Kf2 Kf8 37. g4 Bd5 38. Kg3 Rxb3+ 39. Rxb3 Bxb3 40. Kh4
f6 41. Kh5 g5 42. Kh6 Bc2 43. Kh5 Kg7 44. h4 Bg6# {White checkmated} 0-1

[Event "Team 45 45 League T42"]
[Site "Internet Chess Club"]
[Date "2009.09.24"]
[Round "9"]
[White "avila"]
[Black "Amauta"]
[Result "0-1"]
[WhiteElo "1801"]
[BlackElo "1919"]
[Opening "Petrov's defense"]
[ECO "C42"]
[Time "18:02:06"]
[TimeControl "2700+45"]

1. e4 e5 2. Nf3 Nf6 3. Nxe5 Qe7 4. d4 d6 5. Nf3 Nxe4 6. Be3 d5 7. Nbd2 Bg4 8.
Be2 Nd7 9. O-O O-O-O 10. c4 Nxd2 11. Qxd2 dxc4 12. b3 Nb6 13. bxc4 Bxf3 14. gxf3
Qh4 15. f4 g5 16. fxg5 h6 17. g6 Rg8 18. f4 Rxg6+ 19. Kh1 Qh3 20. Bd3 Rg3 21.
Qc2 Kb8 22. Bf5 Qh5 23. Bf2 Qf3# {White checkmated} 0-1

[Event "Team 45 45 League T42"]
[Site "Internet Chess Club"]
[Date "2009.09.28"]
[Round "9"]
[White "natethegreat"]
[Black "CHESSISTA1"]
[Result "0-1"]
[WhiteElo "1947"]
[BlackElo "1821"]
[Opening "Sicilian: Alapin's variation (2.c3)"]
[ECO "B22"]
[Time "21:04:37"]
[TimeControl "2700+45"]

1. e4 c5 2. c3 d5 3. exd5 Qxd5 4. d4 Nf6 5. Nf3 Bg4 6. Be2 e6 7. h3 Bh5 8. Be3
cxd4 9. cxd4 Nc6 10. Nc3 Bb4 11. O-O Qa5 12. Qb3 O-O 13. a3 Bxc3 14. bxc3 Nd5
15. Rfc1 Qc7 16. Bd2 Rfd8 17. Rab1 b6 18. Qa4 Nde7 19. Qc4 Rac8 20. Bg5 h6 21.
Bh4 Bg6 22. Rb2 Nxd4 23. cxd4 Qd6 24. Qxc8 Rxc8 25. Rxc8+ Nxc8 26. Rb3 Ne7 27.
Bxe7 Qxe7 28. Ne5 Be4 29. Rc3 Bb7 30. a4 g6 31. Bf3 Bxf3 32. Rxf3 Qb4 33. Nxf7
Qxd4 34. Nxh6+ Kg7 35. Ng4 Qxa4 {White resigns} 0-1

[Event "Team 45 45 League T42"]
[Site "Internet Chess Club"]
[Date "2009.09.26"]
[Round "9"]
[White "Caminator"]
[Black "Kravier"]
[Result "0-1"]
[WhiteElo "1775"]
[BlackElo "1738"]
[Opening "Caro-Kann: closed (Breyer) variation"]
[ECO "B10"]
[Time "22:11:21"]
[TimeControl "2700+45"]

1. e4 c6 2. d3 d5 3. Nd2 dxe4 4. Nxe4 Bf5 5. Be3 e6 6. g3 Nf6 7. Bg2 Bb4+ 8. c3
Ba5 9. Nxf6+ Qxf6 10. Nf3 O-O 11. O-O e5 12. Re1 Nd7 13. d4 Rfe8 14. dxe5 Nxe5
15. Nxe5 Rxe5 16. Qb3 Qe7 17. Bd2 Re6 18. Rxe6 Bxe6 19. Qc2 Rd8 20. a4 Bb3 21.
Bg5 Qxg5 22. Qxb3 Bb6 23. a5 Bxf2+ 24. Kxf2 Qc5+ 25. Kf1 Rd2 {White resigns} 0-1

[Event "Team 45 45 League T42"]
[Site "Internet Chess Club"]
[Date "2009.09.25"]
[Round "9"]
[White "imgr8"]
[Black "Majamutu"]
[Result "1-0"]
[WhiteElo "2018"]
[BlackElo "2027"]
[Opening "Sicilian: Alapin's variation (2.c3)"]
[ECO "B22"]
[Time "16:00:52"]
[TimeControl "2700+45"]

1. e4 c5 2. c3 Nf6 3. e5 Nd5 4. d4 cxd4 5. cxd4 d6 6. Nf3 Nc6 7. Bc4 Nb6 8. Bb3
dxe5 9. d5 Na5 10. Nc3 Nxb3 11. Qxb3 e6 12. Nxe5 Bd6 13. Qb5+ Kf8 14. dxe6 Bxe6
15. Be3 Qe8 16. Bc5 Qe7 17. Bxd6 Qxd6 18. Rd1 Qc7 19. O-O f6 20. Nf3 Kf7 21.
Qh5+ g6 22. Qh6 Bg4 23. Nb5 Qc6 24. Nfd4 Qd7 25. f3 a6 26. fxg4 axb5 27. Nf5
gxf5 28. Rxd7+ Nxd7 29. Qh5+ Kg7 30. Qxf5 Rad8 31. Qxb5 b6 32. g5 Rhf8 33. gxf6+
Nxf6 34. Qg5+ {Black resigns} 1-0

[Event "Team 45 45 League T42"]
[Site "Internet Chess Club"]
[Date "2009.09.26"]
[Round "9"]
[White "cesaralexander"]
[Black "snottgoblin"]
[Result "0-1"]
[WhiteElo "2043"]
[BlackElo "2073"]
[Opening "QGD: Ragozin variation"]
[ECO "D38"]
[Time "22:09:23"]
[TimeControl "2700+45"]

1. d4 Nf6 2. c4 e6 3. Nc3 Bb4 4. Nf3 d5 5. Bg5 h6 6. Bh4 Nbd7 7. e3 g5 8. Bg3 c5
9. Nd2 cxd4 10. exd4 O-O 11. Bd3 Re8 12. O-O e5 13. cxd5 exd4 14. Nb5 Nxd5 15.
Ne4 Ne5 16. Bxe5 Rxe5 17. Qh5 Bf5 18. f3 Kg7 19. Nxd4 Bg6 20. Qg4 Nf4 21. Nc2 f5
22. Qg3 Qxd3 23. Qf2 Ba5 24. Rad1 Bb6 25. Nd4 Bxd4 26. Qxd4 Qxd4+ 27. Rxd4 Ne2+
{White resigns} 0-1

[Event "Team 45 45 League T42"]
[Site "Internet Chess Club"]
[Date "2009.09.24"]
[Round "9"]
[White "jefferyx"]
[Black "trucazzo"]
[Result "0-1"]
[WhiteElo "1962"]
[BlackElo "2135"]
[Opening "Ruy Lopez: Schliemann defense, Berger variation"]
[ECO "C63"]
[Time "17:20:40"]
[TimeControl "2700+45"]

1. e4 e5 2. Nf3 Nc6 3. Bb5 f5 4. Nc3 fxe4 5. Nxe4 Nf6 6. Nxf6+ Qxf6 7. Qe2 Be7
8. Bxc6 dxc6 9. Qxe5 Bg4 10. Qxf6 Bxf6 11. d3 O-O-O 12. Nd2 Rhe8+ 13. Kf1 Be2+
14. Kg1 Bxd3 15. cxd3 Re1+ 16. Nf1 Rxd3 17. g3 Rdd1 18. Kg2 Rxc1 19. Rxc1 Rxc1
20. b3 Kd7 21. Ne3 Rxh1 22. Kxh1 Bd4 23. Nf5 c5 24. Kg2 Ke6 25. g4 b5 26. Kf3 g6
27. Nxd4+ cxd4 28. Ke4 c5 29. b4 cxb4 30. f4 a5 31. Kxd4 a4 32. Kd3 Kd5 33. h4
b3 34. a3 b4 35. axb4 a3 36. Kc3 a2 37. Kb2 Kc4 38. f5 Kd3 39. fxg6 a1=Q+ 40.
Kxb3 hxg6 41. h5 gxh5 42. gxh5 Qb1+ 43. Ka4 Kc4 {White resigns} 0-1

[Event "Team 45 45 League T42"]
[Site "Internet Chess Club"]
[Date "2009.09.25"]
[Round "9"]
[White "adh2050"]
[Black "Campagnolo"]
[Result "0-1"]
[WhiteElo "2010"]
[BlackElo "2057"]
[Opening "Ruy Lopez: closed, Flohr-Zaitsev system (Lenzerheide variation)"]
[ECO "C92"]
[Time "22:00:11"]
[TimeControl "2700+45"]

1. e4 e5 2. Nf3 Nc6 3. Bb5 a6 4. Ba4 Nf6 5. O-O Be7 6. Re1 b5 7. Bb3 d6 8. c3
O-O 9. h3 Bb7 10. d4 Re8 11. Nbd2 Bf8 12. a4 h6 13. Bc2 exd4 14. cxd4 Nb4 15.
Bb1 c5 16. d5 Nd7 17. Ra3 f5 18. Nh2 Nf6 19. Rg3 Qe7 20. Nhf3 Qf7 21. Nh4 fxe4
22. Nxe4 Nxe4 23. Bxe4 Bxd5 24. Bg6 Rxe1+ 25. Qxe1 Qe7 26. Qe4 Bxe4 {White
resigns} 0-1

[Event "Team 45 45 League T42"]
[Site "Internet Chess Club"]
[Date "2009.09.28"]
[Round "9"]
[White "nosalt"]
[Black "Gregorio"]
[Result "0-1"]
[WhiteElo "2013"]
[BlackElo "2081"]
[Opening "Ruy Lopez: Berlin defense"]
[ECO "C65"]
[Time "22:03:48"]
[TimeControl "2700+45"]

1. e4 e5 2. Nf3 Nc6 3. Bb5 Nf6 4. Qe2 d6 5. c3 Bd7 6. O-O Be7 7. d4 exd4 8. cxd4
O-O 9. Nc3 Re8 10. d5 Ne5 11. Nxe5 dxe5 12. Rd1 a6 13. Bxd7 Qxd7 14. Bg5 Qd6 15.
Rac1 Nd7 16. Be3 Qg6 17. Qc4 Bd6 18. Ne2 Qf6 19. Qb3 b6 20. Rc6 Qe7 21. Ng3 g6
22. Rdc1 Kg7 23. Qc2 a5 24. Qd2 h5 25. Bg5 f6 26. Bh6+ Kh7 27. h4 Bb4 28. Qe3
Bc5 29. R1xc5 Nxc5 30. Qd2 Red8 31. Be3 Nb7 32. Qc2 Rac8 33. Bxb6 Rd7 34. Be3
Kg7 35. a3 Rd6 36. Bc5 Rxc6 37. dxc6 Nxc5 38. Qc4 Ne6 39. b4 axb4 40. axb4 Qd6
41. b5 Nf4 42. Qa4 Qc5 43. Qd1 Qd4 44. Qb3 Ra8 45. Qf3 Ra1+ 46. Kh2 Qd1 {White
resigns} 0-1

[Event "Team 45 45 League T42"]
[Site "Internet Chess Club"]
[Date "2009.09.24"]
[Round "9"]
[White "GabGag"]
[Black "Speedy-Reedy"]
[Result "1-0"]
[WhiteElo "2050"]
[BlackElo "1873"]
[Opening "Scandinavian (center counter) defense"]
[ECO "B01"]
[Time "11:04:49"]
[TimeControl "2700+45"]

1. e4 d5 2. exd5 Qxd5 3. d4 Nc6 4. Nf3 e5 5. Nc3 Bb4 6. Bd2 Bxc3 7. Bxc3 e4 8.
Ne5 Nxe5 9. dxe5 Ne7 10. Be2 Bf5 11. O-O Rd8 12. Qc1 O-O 13. Qg5 Qe6 14. Rfd1 h6
15. Qg3 Nc6 16. b3 Qg6 17. Qxg6 Bxg6 18. Rac1 a6 19. Bg4 Rfe8 20. Rd7 h5 21. Bh3
Re7 22. Rxd8+ Nxd8 23. Bc8 c5 24. Kf1 Nc6 25. Ke2 Rc7 26. Bh3 Re7 27. Rd1 Nxe5
28. Rd8+ Kh7 29. Rd5 Ng4 30. Bxg4 hxg4 31. Rxc5 f6 32. Bb4 Rd7 33. Ke3 Kg8 34.
Kf4 f5 35. c4 Kf7 36. Kg5 Bh7 37. Rc8 b6 38. Rf8+ Ke6 39. Rb8 b5 40. cxb5 axb5
41. Rxb5 Bg8 42. Rxf5 Ra7 43. Rf8 Bf7 44. a3 Ke5 45. Bc5 Rc7 46. b4 Bb3 47. Rd8
Rf7 48. Kxg4 Be6+ 49. Kg5 Rf5+ 50. Kg6 Rf7 51. Bd4+ Kf4 52. Bxg7 Ra7 53. Rf8+
Kg4 54. h3+ Kh4 55. Bf6# {Black checkmated} 1-0

[Event "Team 45 45 League T42"]
[Site "Internet Chess Club"]
[Date "2009.09.27"]
[Round "9"]
[White "ivanson"]
[Black "Matusalen"]
[Result "0-1"]
[WhiteElo "1844"]
[BlackElo "2024"]
[Opening "Ruy Lopez: Marshall counter-attack"]
[ECO "C89"]
[Time "23:01:49"]
[TimeControl "2700+45"]

1. e4 e5 2. Nf3 Nc6 3. Bb5 a6 4. Ba4 Nf6 5. O-O b5 6. Bb3 Be7 7. Re1 O-O 8. c3
d5 9. exd5 Nxd5 10. Nxe5 Nxe5 11. Rxe5 Bb7 12. d4 Qd6 13. Qf3 Rad8 14. Nd2 f6
15. Re1 Kh8 16. Ne4 Qd7 17. Bd2 Rfe8 18. a4 c5 19. axb5 axb5 20. Nxc5 Bxc5 21.
Rxe8+ Rxe8 22. dxc5 Ne3 23. Qe2 Nxg2 24. Be3 Nf4 25. Qd2 Qg4+ {White resigns}
0-1

[Event "Team 45 45 League T42"]
[Site "Internet Chess Club"]
[Date "2009.09.27"]
[Round "9"]
[White "vaknight"]
[Black "Sapienza"]
[Result "1-0"]
[WhiteElo "1711"]
[BlackElo "1634"]
[Opening "Bird's opening"]
[ECO "A03"]
[Time "20:00:13"]
[TimeControl "2700+45"]

1. f4 d5 2. Nf3 Nf6 3. e3 Bg4 4. Be2 Bxf3 5. Bxf3 Nbd7 6. d4 e6 7. Nd2 c5 8. c3
Be7 9. O-O O-O 10. g4 h6 11. Kg2 Nh7 12. Qc2 f5 13. gxf5 Rxf5 14. Bg4 Rf6 15.
Nf3 Qe8 16. Kh1 cxd4 17. exd4 Qg6 18. Qg2 h5 19. Bh3 Qxg2+ 20. Bxg2 Bd6 21. Ne5
Nxe5 22. dxe5 {Black resigns} 1-0

[Event "Team 45 45 League T42"]
[Site "Internet Chess Club"]
[Date "2009.09.26"]
[Round "9"]
[White "Andressa"]
[Black "Kallistos"]
[Result "1-0"]
[WhiteElo "1543"]
[BlackElo "1702"]
[Opening "Scandinavian (center counter) defense"]
[ECO "B01"]
[Time "13:17:26"]
[TimeControl "2700+45"]

1. e4 d5 2. exd5 Qxd5 3. Nc3 Qa5 4. Nf3 c6 5. d4 Nf6 6. Be2 Bf5 7. O-O e6 8. Bd3
Bxd3 9. Qxd3 Nbd7 10. Bf4 Bb4 11. Ne4 Nxe4 12. Qxe4 Nf6 13. Qd3 O-O 14. Be5 Be7
15. Ng5 g6 16. Qh3 h5 17. Qf3 Ng4 18. Qf4 f6 19. Qe4 f5 20. Qf4 Nxe5 21. dxe5
Bxg5 22. Qxg5 Kg7 23. Qe7+ Rf7 24. Qxe6 Qc7 25. Rad1 Raf8 26. Rd6 Kh8 27. Qxg6
Rh7 28. Rfd1 Qf7 29. Qg5 Qe7 30. Rf6 Rg8 31. Qxf5 h4 32. e6 Qg7 33. g3 Qg5 34.
Qxg5 Rxg5 35. Rd8+ Kg7 36. Rf7+ Kh6 37. Rxh7+ Kxh7 38. e7 {Black resigns} 1-0

[Event "Team 45 45 League T42"]
[Site "Internet Chess Club"]
[Date "2009.09.26"]
[Round "9"]
[White "werty"]
[Black "Juan73"]
[Result "0-1"]
[WhiteElo "1525"]
[BlackElo "1581"]
[Opening "Queen's pawn game"]
[ECO "D02"]
[Time "09:04:01"]
[TimeControl "2700+45"]

1. d4 d5 2. Nf3 Bf5 3. c4 dxc4 4. Nc3 e6 5. e4 Bg4 6. Bxc4 Bxf3 7. Qxf3 Qxd4 8.
Qe2 Nf6 9. Be3 Qe5 10. f3 Bb4 11. Bd2 a6 12. O-O h5 13. Rad1 h4 14. f4 Qh5 15.
e5 Qxe2 16. Nxe2 Bc5+ 17. Kh1 Ng4 {White resigns} 0-1

[Event "Team 45 45 League T42"]
[Site "Internet Chess Club"]
[Date "2009.09.26"]
[Round "9"]
[White "PANAMA-REY"]
[Black "jacknor"]
[Result "1/2-1/2"]
[WhiteElo "1599"]
[BlackElo "1628"]
[Opening "Sicilian: closed"]
[ECO "B23"]
[Time "17:00:12"]
[TimeControl "2700+45"]

1. e4 c5 2. Nc3 g6 3. f4 Bg7 4. Nf3 d6 5. Bb5+ Bd7 6. a4 Nh6 7. d3 O-O 8. O-O
Bg4 9. Be3 a6 10. Bc4 Nc6 11. Qd2 Bxf3 12. Rxf3 Kh8 13. f5 Ng8 14. Kh1 Ne5 15.
Rff1 Nxc4 16. dxc4 Qa5 17. Nd5 Qxd2 18. Bxd2 gxf5 19. exf5 e6 20. f6 Bh6 21.
Bxh6 Nxh6 22. Nc3 Ng4 23. Ne4 d5 24. cxd5 Ne3 25. Rf2 Nxd5 26. Nxc5 b6 27. Nd7
Rfd8 28. Ne5 Ra7 29. Nc6 Raa8 30. Nxd8 Rxd8 31. Rd1 Rc8 32. c3 Rc4 33. Rd4 Rxd4
34. cxd4 h6 35. Rc2 Kh7 36. Rc6 a5 37. Rc8 Kg6 38. Rh8 Nxf6 39. h4 Kg7 40. Rb8
Nd5 41. Kh2 Kg6 42. Kg3 h5 43. Rg8+ {Game drawn by mutual agreement} 1/2-1/2

[Event "Team 45 45 League T42"]
[Site "Internet Chess Club"]
[Date "2009.09.27"]
[Round "9"]
[White "parrot9"]
[Black "AVEMARIA"]
[Result "1/2-1/2"]
[WhiteElo "1799"]
[BlackElo "1712"]
[Opening "French: Fort Knox variation"]
[ECO "C03"]
[Time "10:05:56"]
[TimeControl "2700+45"]

1. e4 e6 2. d4 d5 3. Nd2 dxe4 4. Nxe4 Bd7 5. Nf3 Bc6 6. Bd3 Nd7 7. Qe2 Ngf6 8.
Bg5 Be7 9. Nxf6+ Nxf6 10. O-O Bxf3 11. Qxf3 c6 12. c3 O-O 13. Rfe1 Re8 14. Rad1
Qa5 15. Bxf6 Bxf6 16. a3 Rad8 17. Qe4 Qh5 18. Bc2 g6 19. g4 Qd5 20. Qe2 Qg5 21.
Rd3 Qb5 22. Bb1 Be7 23. f4 c5 24. Qd2 cxd4 25. cxd4 Bf8 26. h4 h5 27. Re5 Rd5
28. gxh5 Rxe5 29. fxe5 Rc8 30. hxg6 fxg6 31. Rg3 Rc7 32. Rxg6+ Rg7 33. Rxg7+
Bxg7 34. Qc3 Qd5 35. Bc2 Qd8 36. Bb3 Qe8 37. Qh3 Qg6+ 38. Kh2 Qe4 39. Qxe6+ Kh7
40. Qg8+ Kh6 41. Qe6+ Kh7 42. Qh3 Qf4+ 43. Qg3 Qxd4 44. Bc2+ Kh8 45. Qd3 Qxh4+
46. Kg2 Bxe5 47. Qf5 Qh2+ 48. Kf3 Qh1+ 49. Ke2 Qg2+ 50. Kd3 Qg3+ 51. Kc4 Qf4+
52. Qxf4 Bxf4 53. Kd5 Kg7 54. a4 a5 55. Kc5 Be3+ 56. Kb5 b6 57. b4 axb4 58. Kxb4
Kf6 {Game drawn by mutual agreement} 1/2-1/2

[Event "Team 45 45 League T42"]
[Site "Internet Chess Club"]
[Date "2009.09.28"]
[Round "9"]
[White "cysk"]
[Black "Invicta-Knight"]
[Result "1/2-1/2"]
[WhiteElo "1671"]
[BlackElo "1563"]
[Opening "Scandinavian: Marshall variation"]
[ECO "B01"]
[Time "17:23:25"]
[TimeControl "2700+45"]

1. e4 d5 2. exd5 Nf6 3. d4 Nxd5 4. c4 Nf6 5. Nf3 Bg4 6. Be2 e6 7. Qb3 b6 8. Nc3
Bd6 9. Ne5 Bxe2 10. Nxe2 O-O 11. O-O c5 12. Bf4 Nh5 13. Be3 Qc7 14. f4 Nc6 15.
dxc5 bxc5 16. Nxc6 Qxc6 17. Nc3 Nf6 18. Rad1 Rfd8 19. Nb5 Be7 20. Rxd8+ Rxd8 21.
Nxa7 Qe4 22. Bc1 Rd3 23. Qc2 Ng4 24. Nc6 Bf6 25. h3 Bd4+ 26. Nxd4 Qxd4+ 27. Kh1
Qe4 28. hxg4 Rh3+ 29. Kg1 Rh1+ 30. Kxh1 Qxc2 31. a3 Qxc4 32. Rd1 h6 33. Re1 Qb3
34. Kh2 Qc2 35. Kg3 c4 36. Kf3 f6 37. g5 hxg5 38. fxg5 f5 39. g6 Kf8 40. Be3
Qe4+ 41. Kf2 Qh4+ 42. Kf1 Qh1+ 43. Kf2 Qh4+ 44. Ke2 Qg4+ 45. Kf2 Qh4+ {Game
drawn by repetition} 1/2-1/2

[Event "Team 45 45 League T42"]
[Site "Internet Chess Club"]
[Date "2009.09.26"]
[Round "9"]
[White "allanchs"]
[Black "GadsHill"]
[Result "1/2-1/2"]
[WhiteElo "1548"]
[BlackElo "1545"]
[Opening "Pirc defense"]
[ECO "B07"]
[Time "12:00:09"]
[TimeControl "2700+45"]

1. e4 d6 2. d4 Nf6 3. Nc3 Nbd7 4. f4 e5 5. Nf3 exd4 6. Nxd4 Nc5 7. Bd3 g6 8. O-O
Bg7 9. h3 O-O 10. Nf3 Re8 11. Re1 Nh5 12. Bd2 Ng3 13. e5 dxe5 14. Nxe5 Bxe5 15.
fxe5 Nxd3 16. cxd3 Qxd3 17. Re3 Qd4 18. Nb5 Qb6 19. Nxc7 Qxc7 20. Rxg3 Qxe5 21.
Re3 Qb5 22. Qb3 Bd7 23. Rf1 Qxb3 24. Rxb3 Bc6 25. Re3 Rxe3 26. Bxe3 a6 27. Bd4
Re8 28. Rf2 {Game drawn by mutual agreement} 1/2-1/2

[Event "Team 45 45 League T42"]
[Site "Internet Chess Club"]
[Date "2009.09.25"]
[Round "9"]
[White "AngryPirate"]
[Black "EyeAm"]
[Result "0-1"]
[WhiteElo "1442"]
[BlackElo "1570"]
[Opening "Petrov: Nimzovich attack"]
[ECO "C42"]
[Time "17:04:23"]
[TimeControl "2700+45"]

1. e4 e5 2. Nf3 Nf6 3. Nxe5 d6 4. Nf3 Nxe4 5. Nc3 Nxc3 6. dxc3 Be7 7. Be3 Nc6 8.
Qd2 Be6 9. Be2 O-O 10. Nd4 Nxd4 11. cxd4 Qd7 12. d5 Bf5 13. O-O-O a5 14. g4 Bxg4
15. Bxg4 Qxg4 16. Rdg1 Qb4 17. c3 Qh4 18. Bd4 Bf6 19. Bxf6 Qxf6 20. Qg5 Qxg5+
21. Rxg5 Rae8 22. Kd2 f6 23. Rg3 Re5 24. Re3 Rxd5+ 25. Kc2 Re5 {White resigns}
0-1

[Event "Team 45 45 League T42"]
[Site "Internet Chess Club"]
[Date "2009.09.24"]
[Round "9"]
[White "CheeryCherry"]
[Black "GabGag"]
[Result "0-1"]
[WhiteElo "1545"]
[BlackElo "2055"]
[Opening "Four knights: Spanish, classical defense"]
[ECO "C48"]
[Time "20:00:47"]
[TimeControl "2700+45"]

1. e4 e5 2. Nf3 Nf6 3. Nc3 Nc6 4. Bb5 Bc5 5. Nxe5 Qe7 6. Nxc6 bxc6 7. Bd3 d5 8.
Qe2 O-O 9. b3 Re8 10. f3 dxe4 11. Bxe4 Nd5 12. Bxd5 Qh4+ 13. g3 Rxe2+ 14. Nxe2
Qf6 15. Bxc6 Qxc6 {White resigns} 0-1

[Event "Team 45 45 League T42"]
[Site "Internet Chess Club"]
[Date "2009.09.29"]
[Round "9"]
[White "SeniorCitizen"]
[Black "kjs110"]
[Result "1-0"]
[WhiteElo "1299"]
[BlackElo "1129"]
[Opening "Caro-Kann: advance variation"]
[ECO "B12"]
[Time "02:01:04"]
[TimeControl "2700+45"]

1. e4 c6 2. d4 d5 3. e5 Bf5 4. Nf3 e6 5. Be2 h6 6. O-O Bb4 7. Bd2 Ba5 8. Bxa5
Qxa5 9. b3 Ne7 10. Nh4 Bh7 11. Bd3 Bxd3 12. Qxd3 g5 13. Nf3 Na6 14. Qd2 Qxd2 15.
Nbxd2 Nb4 16. Rfc1 Nf5 17. a3 Na6 18. c3 g4 19. Ne1 O-O-O 20. Nf1 Nc7 21. Ng3
Nxg3 22. fxg3 Ne8 23. Nd3 Ng7 24. Nf4 Nf5 25. Ne2 Rdg8 26. c4 Ne3 27. Kf2 Nf5
28. cxd5 exd5 29. a4 Rg5 30. b4 Kb8 31. b5 cxb5 32. axb5 Ne7 33. Rc2 Rf8 34. Kg1
f6 35. Nf4 fxe5 36. Ne6 Rgf5 37. Nxf8 Rxf8 38. dxe5 Rf5 39. Rf1 Rxe5 40. Rf8+
Nc8 41. Rcxc8# {Black checkmated} 1-0

[Event "Team 45 45 League T42"]
[Site "Internet Chess Club"]
[Date "2009.09.27"]
[Round "9"]
[White "GadsHill"]
[Black "jacknor"]
[Result "1/2-1/2"]
[WhiteElo "1549"]
[BlackElo "1624"]
[Opening "King's Indian: Kazakh variation"]
[ECO "E91"]
[Time "13:07:59"]
[TimeControl "2700+45"]

1. d4 Nf6 2. c4 g6 3. Nc3 Bg7 4. e4 d6 5. Nf3 O-O 6. Be2 Na6 7. O-O e5 8. d5 Nc5
9. Nd2 a5 10. b3 Ne8 11. Bb2 f5 12. exf5 gxf5 13. f4 e4 14. Qc2 Bd7 15. a3 Nf6
16. b4 axb4 17. axb4 Na6 18. Na2 c5 19. b5 Nc7 20. Nc3 Be8 21. Rxa8 Qxa8 22. Ra1
Qb8 23. Nf1 Bh5 24. Ne3 Bg6 25. Qa4 Nh5 26. g3 Bd4 27. Kf2 Ne8 28. Qa8 Nef6 29.
Qxb8 Rxb8 30. Bxh5 Bxh5 31. h3 Kg7 32. Ra2 Bf3 33. Ne2 Bxb2 34. Rxb2 Ra8 35.
Nxf5+ Kg6 36. Nxd6 b6 37. g4 Ra4 38. Rc2 Nd7 39. Ke3 Ra3+ 40. Nc3 h5 41. Nxe4
hxg4 42. hxg4 Bxg4 43. Ng3 Bd1 44. Rc1 Bb3 45. Kd3 Nf6 46. Nce4 Nxe4 47. Nxe4
Kf5 48. d6 Ra7 49. Rh1 Kxf4 50. Rh4+ Ke5 51. Rh5+ Ke6 52. Rh6+ Kf5 53. Rh5+ Ke6
54. Rd5 Ba2 55. Kc3 Rd7 56. Ng5+ Kf6 57. Ne4+ Ke6 58. Ng5+ Kf6 59. Ne4+ {Game
drawn by mutual agreement} 1/2-1/2

[Event "Team 45 45 League T42"]
[Site "Internet Chess Club"]
[Date "2009.09.27"]
[Round "9"]
[White "smsxman"]
[Black "wrimle"]
[Result "1/2-1/2"]
[WhiteElo "1468"]
[BlackElo "1397"]
[Opening "Caro-Kann defense"]
[ECO "B10"]
[Time "13:06:08"]
[TimeControl "2700+45"]

1. e4 c6 2. Nf3 d5 3. exd5 cxd5 4. d4 Bg4 5. Be2 Nf6 6. Nc3 e6 7. O-O Be7 8. Re1
O-O 9. Bf4 Nc6 10. a3 Nh5 11. Be3 Bf5 12. Ne5 Nf6 13. Bb5 Nxe5 14. dxe5 Ne4 15.
Bd4 Bc5 16. Nxe4 Bxd4 17. Qxd4 Bxe4 18. Bd3 Bxd3 19. cxd3 b6 20. b4 Rc8 21. Rec1
Qg5 22. f4 Qf5 23. g3 f6 24. Rxc8 Rxc8 25. Qe3 Rc3 26. Qe2 Qxd3 27. Qe1 Qe3+ 28.
Kh1 fxe5 29. Qf1 Qe4+ 30. Kg1 Qe3+ 31. Kh1 Qf3+ 32. Kg1 Qxf1+ 33. Kxf1 exf4 34.
g4 g5 35. Kg2 e5 36. a4 e4 37. Rd1 Rd3 38. Rc1 Rd2+ 39. Kg1 e3 40. Rc8+ Kf7 41.
Rc7+ Ke6 42. Rxa7 e2 43. Kf2 f3 44. Rxh7 Ke5 45. a5 bxa5 46. bxa5 Ra2 47. Kxf3
Kf6 48. Kf2 Rxa5 49. Kxe2 Ra8 50. Rh6+ Ke5 51. h3 Rd8 52. Kd3 d4 53. Rc6 Kf4 54.
Rg6 Rd5 55. Rf6+ Kg3 56. Rh6 Rd8 57. Rh5 Kf4 58. Rh7 Kg3 59. Rh5 Kf4 60. Rh7 Kg3
61. Rg7 Kxh3 62. Rxg5 Kh4 63. Rg7 Rd5 64. g5 Rxg5 65. Rxg5 Kxg5 66. Kxd4 {Game
drawn because neither player has mating material} 1/2-1/2